[Event "Ste-Foy 4 2025-26"]
[Site "Ste-Foy CAN"]
[Date "2026.02.09"]
[Round "5"]
[White "Belanger, Mathieu-Olivier"]
[Black "Cassista, Jeremie"]
[Result "0-1"]
[ECO "B11"]
[WhiteElo "1929"]
[BlackElo "1776"]
[WhiteFideId "-1"]
[BlackFideId "-1"]
[PlyCount "100"]
[GameId "2276345759147064"]
[EventDate "2026.01.12"]
[EventType "swiss"]
[EventRounds "5"]
[EventCountry "CAN"]
[TimeControl "5400+30"]

1. e4 c6 2. Nf3 d5 3. Nc3 Bg4 4. Be2 e6 5. h3 Bh5 6. Ne5 Bxe2 7. Qxe2 d4 8. Nb1 Qg5 9. Nf3 Qxg2 10. Rh2 Qg6 11. d3 e5 12. Nbd2 Nd7 13. Nh4 Qf6 14. Ndf3 Bb4+ 15. Bd2 Bxd2+ 16. Qxd2 h6 17. Qe2 Ne7 18. O-O-O a5 19. Kb1 Ra6 20. Rg2 g6 21. Re1 Rb6 22. Qd2 a4 23. Qa5 Ra6 24. Qd2 c5 25. Rg3 b5 26. Ng2 Qe6 27. Nh2 Nc6 28. c3 a3 29. b3 c4 30. cxd4 Nxd4 31. dxc4 bxc4 32. Nf4 exf4 33. Qxd4 fxg3 34. Qxh8+ Ke7 35. fxg3 Qxh3 36. Re2 Qxg3 37. Qd4 Qd3+ 38. Qxd3 cxd3 39. Rd2 Ne5 40. Nf1 Rf6 41. Ne3 Rf3 42. Nd5+ Kd6 43. Kc1 g5 44. Nc3 Kc5 45. Rg2 g4 46. Nd1 Kd4 47. Kd2 h5 48. Rh2 Rh3 49. Rg2 Nf3+ 50. Kc1 Rh2 0-1

[Event "Ste-Foy 4 2025-26"]
[Site "Ste-Foy CAN"]
[Date "2026.02.09"]
[Round "5"]
[White "Bourassa, Louis"]
[Black "Potvin, Alain-Nicolas"]
[Result "0-1"]
[ECO "E60"]
[WhiteElo "1558"]
[BlackElo "1701"]
[WhiteFideId "-1"]
[BlackFideId "-1"]
[PlyCount "96"]
[GameId "2276345829844036"]
[EventDate "2026.01.12"]
[EventType "swiss"]
[EventRounds "5"]
[EventCountry "CAN"]
[TimeControl "5400+30"]

1. Nf3 g6 2. g3 Bg7 3. Bg2 Nf6 4. d4 d6 5. b3 O-O 6. Bb2 c6 7. O-O Qa5 8. Nbd2 Qh5 9. c4 Bh3 10. e4 Nbd7 11. Nh4 Qxd1 12. Raxd1 Bxg2 13. Kxg2 Ne8 14. f4 c5 15. Nhf3 Nc7 16. e5 cxd4 17. exd6 exd6 18. Ba3 Nc5 19. b4 Na4 20. Ne4 d5 21. cxd5 Nxd5 22. b5 Rfc8 23. Bc1 Rc2+ 24. Rf2 Rac8 25. Bd2 Nac3 26. Nxc3 Nxc3 27. Bxc3 Rxf2+ 28. Kxf2 dxc3 29. Ne1 Rc5 30. a4 Rc4 31. a5 Rb4 32. b6 axb6 33. axb6 Rxb6 34. Rd8+ Bf8 35. Rc8 Rb3 36. Ke2 Kg7 37. Nc2 b5 38. Kd3 b4 39. Nd4 Rb2 40. Nf3 Be7 41. Rc7 Bf6 42. g4 Bd8 43. Rc8 Bb6 44. Rc6 Rf2 45. Ne1 Rd2+ 46. Kc4 Bf2 47. Nd3 c2 48. Nxf2 c1=Q+ 0-1

[Event "Ste-Foy 4 2025-26"]
[Site "Ste-Foy CAN"]
[Date "2026.02.09"]
[Round "5"]
[White "Chouinard, Etienne"]
[Black "Lessard, Dave"]
[Result "1-0"]
[ECO "A03"]
[WhiteElo "1794"]
[BlackElo "1381"]
[WhiteFideId "-1"]
[BlackFideId "-1"]
[PlyCount "82"]
[GameId "2276345939125328"]
[EventDate "2026.01.12"]
[EventType "swiss"]
[EventRounds "5"]
[EventCountry "CAN"]
[TimeControl "5400+30"]

1. f4 d5 2. Nf3 Nc6 3. d4 Nf6 4. c3 Bf5 5. Nbd2 e6 6. e3 Be7 7. Bb5 Ng4 8. Qe2 Bh4+ 9. g3 Be7 10. Ne5 Ngxe5 11. fxe5 O-O 12. O-O a6 13. Bxc6 bxc6 14. Nb3 a5 15. Nd2 c5 16. g4 Bg6 17. Nf3 c4 18. Qf2 a4 19. h4 Be4 20. h5 f5 21. Qg3 Bxf3 22. Qxf3 fxg4 23. Qxg4 Rxf1+ 24. Kxf1 Qd7 25. e4 Rf8+ 26. Ke2 Kh8 27. Bd2 dxe4 28. Rg1 Rf7 29. Qxe4 a3 30. bxa3 Bxa3 31. Qa8+ Bf8 32. h6 g6 33. Bg5 Qd5 34. Bf6+ Kg8 35. Qxd5 exd5 36. Rh1 c5 37. Ke3 Ra7 38. e6 Be7 39. Rb1 Bd6 40. Rb6 cxd4+ 41. Kxd4 Kf8 1-0

[Event "Ste-Foy 4 2025-26"]
[Site "Ste-Foy CAN"]
[Date "2026.02.09"]
[Round "5"]
[White "Kriuchkov, Dmytro"]
[Black "Laurendeau, Alfred"]
[Result "0-1"]
[ECO "A17"]
[WhiteElo "1471"]
[BlackElo "1553"]
[WhiteFideId "-1"]
[BlackFideId "-1"]
[PlyCount "56"]
[GameId "2276346024113244"]
[EventDate "2026.01.12"]
[EventType "swiss"]
[EventRounds "5"]
[EventCountry "CAN"]
[TimeControl "5400+30"]

1. c4 Nf6 2. Nc3 e6 3. Nf3 b6 4. e4 Bb7 5. e5 Ne4 6. Bd3 Nxc3 7. dxc3 Be7 8. Be3 h6 9. Qe2 d6 10. O-O-O Nd7 11. Bd4 Bg5+ 12. Kb1 c5 13. Be3 Bxf3 14. gxf3 dxe5 15. h4 Bxh4 16. f4 Bf6 17. Bc2 Qc7 18. fxe5 Bxe5 19. Qf3 Ke7 20. Ba4 Rad8 21. Bxd7 Rxd7 22. Rxd7+ Qxd7 23. Rd1 Qc7 24. Qe4 f5 25. Qh4+ g5 26. Bxg5+ hxg5 27. Qxg5+ Bf6 28. a3 Bxg5 0-1

[Event "Ste-Foy 4 2025-26"]
[Site "Ste-Foy CAN"]
[Date "2026.02.09"]
[Round "5"]
[White "Caron-Ouellette, Charles"]
[Black "Lescarbeau, Martin"]
[Result "0-1"]
[ECO "B11"]
[WhiteElo "1375"]
[BlackElo "1734"]
[WhiteFideId "-1"]
[BlackFideId "-1"]
[PlyCount "76"]
[GameId "2276346081117288"]
[EventDate "2026.01.12"]
[EventType "swiss"]
[EventRounds "5"]
[EventCountry "CAN"]
[TimeControl "5400+30"]

1. e4 c6 2. Nf3 d5 3. Nc3 dxe4 4. Nxe4 Bf5 5. Ng3 Bg6 6. Nh4 e5 7. Nxg6 hxg6 8. Bc4 Nd7 9. d4 Qh4 10. Be3 Ngf6 11. Qd2 O-O-O 12. O-O-O exd4 13. Qxd4 Bc5 14. Qxh4 Bxe3+ 15. fxe3 Rxh4 16. Bxf7 Ng4 17. Rd2 Nge5 18. Be6 Re8 19. Bxd7+ Nxd7 20. Rd4 Rh6 21. Re4 Reh8 22. h3 Kd8 23. Rd1 Re8 24. Rxe8+ Kxe8 25. Ne4 b5 26. Nd6+ Ke7 27. Nc8+ Ke6 28. Nxa7 Ne5 29. Nc8 Rh5 30. Nd6 g5 31. Ne4 g4 32. Nf2 gxh3 33. Nxh3 Ke7 34. Nf4 Rh2 35. Rd4 g5 36. Re4 Kf6 37. Nd3 Nc4 38. b3 Rh1+ 0-1

[Event "Ste-Foy 4 2025-26"]
[Site "Ste-Foy CAN"]
[Date "2026.02.09"]
[Round "5"]
[White "Blais, Pierre-Luc"]
[Black "Couture, Francois"]
[Result "1-0"]
[ECO "A07"]
[WhiteElo "1457"]
[BlackElo "1216"]
[WhiteFideId "-1"]
[BlackFideId "-1"]
[PlyCount "93"]
[GameId "2276346144892020"]
[EventDate "2026.01.12"]
[EventType "swiss"]
[EventRounds "5"]
[EventCountry "CAN"]
[TimeControl "5400+30"]

1. Nf3 Nf6 2. g3 g6 3. Bg2 Bg7 4. O-O O-O 5. d3 c6 6. c3 d5 7. Nbd2 Bf5 8. Nh4 Qd7 9. Nxf5 Qxf5 10. e4 dxe4 11. dxe4 Qc5 12. Nb3 Qe5 13. Bf4 Qe6 14. Nd4 Qd7 15. Qc2 c5 16. Nb3 c4 17. Na5 Qb5 18. Nxb7 Qxb7 19. Bg5 e5 20. Rad1 Nbd7 21. Be3 Qc7 22. f4 Ng4 23. Bc1 Qc5+ 24. Kh1 Rad8 25. Qe2 Nb6 26. Qxg4 Rd6 27. Rxd6 Qxd6 28. Rd1 Qc5 29. f5 Qc8 30. Qf3 Na4 31. g4 Nc5 32. Bf1 Qb7 33. Rd5 Qc7 34. Bxc4 Rd8 35. Qd1 Nd7 36. Qd3 Bf8 37. Bg5 Nc5 38. Bxd8 Qb7 39. Qe2 Na4 40. Bb3 Nc5 41. Qc4 Nxb3 42. Qxb3 Qa6 43. c4 Qc8 44. Bg5 Qc7 45. Qb5 Bd6 46. Qe8+ Bf8 47. Bh6 1-0

[Event "Ste-Foy 4 2025-26"]
[Site "Ste-Foy CAN"]
[Date "2026.02.09"]
[Round "5"]
[White "Grimard, Carl"]
[Black "Lebel, Michel"]
[Result "1-0"]
[ECO "D35"]
[WhiteElo "1410"]
[BlackElo "1024"]
[WhiteFideId "-1"]
[BlackFideId "-1"]
[PlyCount "61"]
[GameId "2276346339411189"]
[EventDate "2026.01.12"]
[EventType "swiss"]
[EventRounds "5"]
[EventCountry "CAN"]
[TimeControl "5400+30"]

1. c4 e6 2. d4 Nf6 3. Nc3 d5 4. Bf4 Bb4 5. Qc2 Ne4 6. a3 Ba5 7. b4 Bxb4 8. axb4 Nc6 9. Nxe4 dxe4 10. e3 Nxb4 11. Qa4+ Nc6 12. c5 O-O 13. Bc4 Bd7 14. Qb3 Na5 15. Rxa5 b6 16. cxb6 cxb6 17. Re5 Kh8 18. Ne2 a6 19. O-O b5 20. Bxb5 axb5 21. Rc5 Qb6 22. Rfc1 Ra7 23. Rc7 Rxc7 24. Bxc7 Qa6 25. Qb4 Ra8 26. Nc3 f5 27. h3 h6 28. Be5 Kh7 29. Qe7 Kg6 30. Qxg7+ Kh5 31. Qf7+ 1-0

[Event "Ste-Foy 4 2025-26"]
[Site "Ste-Foy CAN"]
[Date "2026.02.09"]
[Round "5"]
[White "Fleury, Dominic"]
[Black "Wafer, Jacques"]
[Result "0-1"]
[ECO "A54"]
[WhiteElo "1327"]
[BlackElo "1389"]
[WhiteFideId "-1"]
[BlackFideId "-1"]
[PlyCount "42"]
[GameId "2276346394191105"]
[EventDate "2026.01.12"]
[EventType "swiss"]
[EventRounds "5"]
[EventCountry "CAN"]
[TimeControl "5400+30"]

1. c4 d6 2. Nc3 Nf6 3. g3 e5 4. Bg2 c6 5. Nf3 Be7 6. O-O O-O 7. d4 Nbd7 8. Qc2 h6 9. Nh4 exd4 10. Ne4 Nxe4 11. Qxe4 Bxh4 12. gxh4 c5 13. Kh1 Nf6 14. Qd3 Re8 15. Rg1 Rb8 16. Bxh6 Ng4 17. Qg3 Nxh6 18. Bc6 Nf5 19. Qf4 bxc6 20. Rg5 Qe7 21. Rag1 Qe4+ 0-1

[Event "Ste-Foy 4 2025-26"]
[Site "Ste-Foy CAN"]
[Date "2026.02.09"]
[Round "5"]
[White "Poitras, Marc"]
[Black "Tremblay, Charles"]
[Result "1/2-1/2"]
[ECO "D40"]
[WhiteElo "1312"]
[BlackElo "1505"]
[WhiteFideId "-1"]
[BlackFideId "-1"]
[PlyCount "139"]
[GameId "2276346449753357"]
[EventDate "2026.01.12"]
[EventType "swiss"]
[EventRounds "5"]
[EventCountry "CAN"]
[TimeControl "5400+30"]

1. d4 e6 2. Nf3 d5 3. c4 Nf6 4. Bf4 c5 5. Nc3 dxc4 6. e3 cxd4 7. Nxd4 Bb4 8. Qa4+ Nc6 9. O-O-O Bxc3 10. bxc3 Qb6 11. Bd6 Bd7 12. Nb5 Nd5 13. Bxc4 Na5 14. Bxd5 Bxb5 15. Qb4 Nc6 16. Qe4 O-O-O 17. Bxc6 Qxc6 18. Qxc6+ Bxc6 19. f3 Rd7 20. Bg3 Rhd8 21. Rxd7 Rxd7 22. Rd1 Bd5 23. Kb2 Bc4 24. Rxd7 Kxd7 25. Be5 f6 26. Bd4 b6 27. f4 Kc6 28. e4 Bd3 29. e5 f5 30. Kb3 Kd5 31. a4 Bf1 32. g3 Bc4+ 33. Ka3 Kc6 34. a5 Kb5 35. axb6 axb6 36. Bf2 Kc6 37. Kb4 b5 38. Bc5 Kd5 39. Bd6 Ke4 40. Kc5 Kf3 41. Bf8 g6 42. Bh6 Kg2 43. h4 Kxg3 44. Bg5 Kf3 45. Kd6 Ke4 46. Ke7 Kd3 47. Kf7 Kxc3 48. Be7 b4 49. Kg7 Be2 50. Kxh7 Bh5 51. Kg7 b3 52. Ba3 Kc4 53. Kf6 Kd5 54. Bb2 Ke4 55. Kg5 Kf3 56. Bc1 Ke4 57. Kf6 b2 58. Bxb2 Kxf4 59. Kxe6 Kg4 60. Kd6 Kxh4 61. e6 g5 62. Ke5 f4 63. e7 f3 64. Bd4 g4 65. Kf4 Kh3 66. Bf2 Kg2 67. Bg3 Kh3 68. Bf2 Be8 69. Bg3 Bd7 70. Bf2 1/2-1/2

[Event "Ste-Foy 4 2025-26"]
[Site "Ste-Foy CAN"]
[Date "2026.02.09"]
[Round "5"]
[White "Aguilar Balzano, Sebastian"]
[Black "Nougaret, Jonathan"]
[Result "0-1"]
[ECO "C64"]
[WhiteElo "1264"]
[BlackElo "1345"]
[WhiteFideId "-1"]
[BlackFideId "-1"]
[PlyCount "46"]
[GameId "2276346507314457"]
[EventDate "2026.01.12"]
[EventType "swiss"]
[EventRounds "5"]
[EventCountry "CAN"]
[TimeControl "5400+30"]

1. e4 e5 2. Nf3 Nc6 3. Bb5 Bc5 4. c3 d6 5. d4 exd4 6. cxd4 Bb4+ 7. Nc3 a6 8. Ba4 b5 9. Bc2 Nge7 10. O-O O-O 11. h4 f5 12. Bb3+ Kh8 13. Ng5 Qe8 14. Nd5 h6 15. Nxc7 Qg6 16. Nxa8 hxg5 17. Bxg5 fxe4 18. d5 Ne5 19. Bxe7 Nf3+ 20. Kh1 Qg4 21. Rc1 Rf4 22. Qc2 Qxh4+ 23. Bxh4 Rxh4# 0-1

[Event "Ste-Foy 4 2025-26"]
[Site "Ste-Foy CAN"]
[Date "2026.02.09"]
[Round "5"]
[White "Andriantsolofonirina, Fabrice"]
[Black "Yergeau, Samuel"]
[Result "0-1"]
[ECO "A01"]
[WhiteElo "1251"]
[BlackElo "1451"]
[WhiteFideId "-1"]
[BlackFideId "-1"]
[PlyCount "110"]
[GameId "2276346569069861"]
[EventDate "2026.01.12"]
[EventType "swiss"]
[EventRounds "5"]
[EventCountry "CAN"]
[TimeControl "5400+30"]

1. b3 e5 2. Bb2 Nc6 3. g3 d5 4. Bg2 Bc5 5. e3 Nf6 6. Ne2 Bf5 7. d3 Bg4 8. Nd2 Qd6 9. c4 d4 10. e4 Nb4 11. Nf3 Nd7 12. a3 Qf6 13. Nc1 Bxf3 14. Bxf3 Nc6 15. Bg4 Nf8 16. b4 Be7 17. Nb3 b6 18. Bf3 Ne6 19. Qd2 Qxf3 20. Rf1 O-O 21. Qe2 Qxe2+ 22. Kxe2 f5 23. b5 Ncd8 24. f4 Bd6 25. fxe5 Bxe5 26. exf5 Nc5 27. Nxd4 Bxd4 28. Bxd4 Nb3 29. Bxg7 Kxg7 30. Rab1 Nd4+ 31. Kd2 Rxf5 32. Kc3 Rxf1 33. Rxf1 N8e6 34. Re1 Re8 35. a4 c5 36. bxc6 Nxc6 37. d4 Ncxd4 38. Re4 Nc6 39. h4 Kf7 40. g4 Nc5 41. Rf4+ Kg6 42. g5 Nxa4+ 43. Kb3 Nc5+ 44. Ka2 Nb4+ 45. Ka3 Nc2+ 46. Ka2 Re6 47. h5+ Kxg5 48. Rf7 h6 49. Rxa7 Nb4+ 50. Kb1 Re1+ 51. Kb2 Nbd3+ 52. Kc3 Rh1 53. Ra8 Kxh5 54. Rb8 Ne5 55. Rxb6 Na4+ 0-1

[Event "Ste-Foy 4 2025-26"]
[Site "Ste-Foy CAN"]
[Date "2026.02.09"]
[Round "5"]
[White "Monat, Henri"]
[Black "Descheenes, Andre-Philippe"]
[Result "0-1"]
[ECO "C01"]
[WhiteElo "1159"]
[BlackElo "1252"]
[WhiteFideId "-1"]
[BlackFideId "-1"]
[PlyCount "64"]
[GameId "2276346638173489"]
[EventDate "2026.01.12"]
[EventType "swiss"]
[EventRounds "5"]
[EventCountry "CAN"]
[TimeControl "5400+30"]

1. e4 e6 2. d4 d5 3. exd5 exd5 4. Nf3 Bg4 5. h3 Bh5 6. g4 Bg6 7. Qe2+ Qe7 8. Be3 Be4 9. Qb5+ c6 10. Qxb7 Qxb7 11. b3 Bxf3 12. Rg1 Qb4+ 13. c3 Qb7 14. Nd2 Be4 15. f3 Bg6 16. Ke2 Nf6 17. Bg2 Bd6 18. h4 h6 19. h5 Bh7 20. Bf1 O-O 21. Rh1 Re8 22. Kf2 Re6 23. g5 Nfd7 24. gxh6 gxh6 25. Bh3 Rf6 26. Rhg1+ Kf8 27. Rg2 Qa6 28. c4 Bf4 29. a4 Bxe3+ 30. Kxe3 Bf5 31. Bxf5 Rxf5 32. Rag1 Nf6 0-1

[Event "Ste-Foy 4 2025-26"]
[Site "Ste-Foy CAN"]
[Date "2026.02.09"]
[Round "5"]
[White "Chaouli, Mehdi"]
[Black "Pepin, Pierre-Luc"]
[Result "0-1"]
[ECO "C11"]
[WhiteElo "1065"]
[BlackElo "1129"]
[WhiteFideId "-1"]
[BlackFideId "-1"]
[PlyCount "96"]
[GameId "2276346705085757"]
[EventDate "2026.01.12"]
[EventType "swiss"]
[EventRounds "5"]
[EventCountry "CAN"]
[TimeControl "5400+30"]

1. e4 e6 2. d4 d5 3. Nc3 Nf6 4. e5 Nfd7 5. Nf3 c5 6. Be3 cxd4 7. Bxd4 Nc6 8. Bb5 Nxd4 9. Bxd7+ Bxd7 10. Qxd4 a6 11. a3 Rc8 12. b4 Qc7 13. Nd1 Qxc2 14. Ne3 Qc7 15. O-O Be7 16. Rfc1 Qb8 17. Qg4 O-O 18. h4 Rxc1+ 19. Rxc1 Rc8 20. Re1 Rc3 21. Ra1 Qc7 22. Kh2 f6 23. Nd1 Rc1 24. Rxc1 Qxc1 25. exf6 Bxf6 26. Ne3 Qc7+ 27. Kg1 e5 28. Nf5 g6 29. Qg3 Bxf5 30. Nd4 Qc1+ 31. Kh2 exd4 32. h5 Qh6 33. Qb8+ Kf7 34. Qxb7+ Ke6 35. Qc6+ Ke5 36. f4+ Qxf4+ 37. Kg1 Qe3+ 38. Kh1 Qxa3 39. Qc7+ Ke4 40. Qc2+ d3 41. Qd1 gxh5 42. Qf3+ Ke5 43. Qe3+ Be4 44. Qg3+ Kd4 45. Qf2+ Ke5 46. Qg3+ Ke6 47. Qh3+ Bf5 48. Qe3+ Kf7 0-1

[Event "Ste-Foy 4 2025-26"]
[Site "Ste-Foy CAN"]
[Date "2026.02.02"]
[Round "4"]
[White "Voisin, Antoine"]
[Black "Belanger, Mathieu-Olivier"]
[Result "0-1"]
[ECO "C65"]
[WhiteElo "1636"]
[BlackElo "1929"]
[WhiteFideId "-1"]
[BlackFideId "-1"]
[PlyCount "102"]
[GameId "2276390537077768"]
[EventDate "2026.01.12"]
[EventType "swiss"]
[EventRounds "5"]
[EventCountry "CAN"]
[TimeControl "5400+30"]

1. e4 e5 2. Nf3 Nc6 3. Bb5 Nf6 4. O-O Be7 5. d4 exd4 6. e5 Nd5 7. c4 Nb6 8. Nxd4 Nxd4 9. Qxd4 c5 10. Qg4 Kf8 11. Nc3 a6 12. Ba4 d5 13. Qd1 d4 14. Ne4 Nxc4 15. Bb3 Nxe5 16. Qh5 f6 17. f4 Bg4 18. Qh4 f5 19. Ng5 Bxg5 20. fxg5 d3 21. Be3 c4 22. h3 cxb3 23. hxg4 Kg8 24. gxf5 Rc8 25. axb3 Rc2 26. Qe4 Qc7 27. Bd4 Qc6 28. Qxc6 Nxc6 29. Bc3 Kf7 30. Rad1 Rd8 31. Rf3 d2 32. Kf2 Rc1 33. Ke2 b5 34. Rxd2 b4 35. Rxd8 bxc3 36. g6+ hxg6 37. fxg6+ Ke7 38. Rxc3 Rxc3 39. bxc3 Kxd8 40. Ke3 Kd7 41. Ke4 Ke6 42. g3 Ne5 43. c4 Nc6 44. Kf4 Na5 45. b4 Nxc4 46. Ke4 Ne5 47. Kd4 Kd6 48. Ke4 Nxg6 49. Kd4 Ne5 50. Ke4 Nc6 51. Kf5 Nxb4 0-1

[Event "Ste-Foy 4 2025-26"]
[Site "Ste-Foy CAN"]
[Date "2026.02.02"]
[Round "4"]
[White "Cassista, Jeremie"]
[Black "Caron-Ouellette, Charles"]
[Result "1-0"]
[ECO "D08"]
[WhiteElo "1776"]
[BlackElo "1375"]
[WhiteFideId "-1"]
[BlackFideId "-1"]
[PlyCount "79"]
[GameId "2276390638969876"]
[EventDate "2026.01.12"]
[EventType "swiss"]
[EventRounds "5"]
[EventCountry "CAN"]
[TimeControl "5400+30"]

1. d4 d5 2. c4 e5 3. dxe5 d4 4. a3 Nc6 5. Nf3 Be6 6. Qc2 Qd7 7. b4 f6 8. Bf4 Be7 9. h4 fxe5 10. Nxe5 Nxe5 11. Bxe5 Bf6 12. Qe4 Bxe5 13. Qxe5 Nf6 14. Nd2 O-O 15. Nf3 Rae8 16. Qxd4 Qxd4 17. Nxd4 Bxc4 18. Rc1 b5 19. e3 Bxf1 20. Rxf1 Nd5 21. g3 a6 22. Rc5 Nxe3 23. fxe3 Rxe3+ 24. Ne2 Rxf1+ 25. Kxf1 Rxa3 26. Rxc7 Rb3 27. Ra7 Rxb4 28. Rxa6 h6 29. Ra7 Kh7 30. Nf4 Re4 31. Rb7 b4 32. Kf2 Rc4 33. h5 Rc2+ 34. Kf3 Rc3+ 35. Kg4 b3 36. Rb8 g5 37. hxg6+ Kg7 38. Rb7+ Kg8 39. g7 Rc5 40. Rb8+ 1-0

[Event "Ste-Foy 4 2025-26"]
[Site "Ste-Foy CAN"]
[Date "2026.02.02"]
[Round "4"]
[White "Potvin, Alain-Nicolas"]
[Black "Blais, Pierre-Luc"]
[Result "1-0"]
[ECO "A48"]
[WhiteElo "1701"]
[BlackElo "1457"]
[WhiteFideId "-1"]
[BlackFideId "-1"]
[PlyCount "127"]
[GameId "2276390721221664"]
[EventDate "2026.01.12"]
[EventType "swiss"]
[EventRounds "5"]
[EventCountry "CAN"]
[TimeControl "5400+30"]

1. d4 g6 2. Bf4 Nf6 3. e3 Bg7 4. Nf3 O-O 5. Be2 d6 6. O-O c6 7. h3 Nbd7 8. c4 Ne8 9. Nc3 Nc7 10. Bh2 e5 11. Ne4 Qe7 12. dxe5 dxe5 13. Qd6 Qxd6 14. Nxd6 f6 15. Rfd1 Nc5 16. Rd2 a5 17. Ne1 Rd8 18. Rad1 Ne8 19. Nxe8 Rxe8 20. f3 Be6 21. b3 h5 22. Bg3 Bh6 23. Bf2 Bf8 24. Nd3 Nxd3 25. Bxd3 Kf7 26. Kf1 Be7 27. Ke2 f5 28. e4 f4 29. Bb6 c5 30. Bc2 Rec8 31. g3 g5 32. h4 g4 33. gxf4 exf4 34. e5 g3 35. Be4 Rg8 36. Bd5 Bxd5 37. cxd5 Ra6 38. e6+ Kf6 39. Bc7 Bd6 40. Bxd6 Rxd6 41. Kf1 Rgd8 42. Kg2 b5 43. Re2 Re8 44. Re4 Kf5 45. a4 b4 46. Rd2 Re7 47. Re1 Re8 48. Re4 Re7 49. Rc4 Rexe6 50. Rxc5 Re3 51. Rxa5 Rxb3 52. Rb5 Ke5 53. a5 Rc3 54. Rxb4 Rc5 55. Re4+ Kf5 56. Rdd4 Rdxd5 57. Rxf4+ Ke5 58. Rxd5+ Rxd5 59. Ra4 Rd2+ 60. Kxg3 Rd8 61. a6 Rg8+ 62. Kf2 Kd6 63. a7 Ra8 64. Kg3 1-0

[Event "Ste-Foy 4 2025-26"]
[Site "Ste-Foy CAN"]
[Date "2026.02.02"]
[Round "4"]
[White "Cantin, Guillaume"]
[Black "Grimard, Carl"]
[Result "1-0"]
[ECO "D10"]
[WhiteElo "1635"]
[BlackElo "1410"]
[WhiteFideId "-1"]
[BlackFideId "-1"]
[PlyCount "66"]
[GameId "2276390812996652"]
[EventDate "2026.01.12"]
[EventType "swiss"]
[EventRounds "5"]
[EventCountry "CAN"]
[TimeControl "5400+30"]

1. d4 d5 2. c4 c6 3. cxd5 cxd5 4. Bf4 Nf6 5. e3 e6 6. Nf3 Bd6 7. Bxd6 Qxd6 8. Bd3 Nbd7 9. Nc3 a6 10. O-O b5 11. a3 e5 12. dxe5 Nxe5 13. Nxe5 Qxe5 14. e4 O-O 15. exd5 Qd6 16. Qc2 Bb7 17. Rad1 Rac8 18. Qb1 g6 19. Be4 Ng4 20. g3 f5 21. Bg2 Rfd8 22. h3 Nf6 23. Rfe1 Qb8 24. Qa2 Rd6 25. Re6 Re8 26. Rde1 Qd8 27. Qb3 Kg7 28. a4 Rdxe6 29. dxe6 Bxg2 30. Kxg2 bxa4 31. Qxa4 Re7 32. Qxa6 Qb8 33. Qa3 Kf8 1-0

[Event "Ste-Foy 4 2025-26"]
[Site "Ste-Foy CAN"]
[Date "2026.02.02"]
[Round "4"]
[White "Couture, Francois"]
[Black "Bourassa, Louis"]
[Result "0-1"]
[ECO "D24"]
[WhiteElo "1216"]
[BlackElo "1558"]
[WhiteFideId "-1"]
[BlackFideId "-1"]
[PlyCount "74"]
[GameId "2276390898803768"]
[EventDate "2026.01.12"]
[EventType "swiss"]
[EventRounds "5"]
[EventCountry "CAN"]
[TimeControl "5400+30"]

1. d4 d5 2. c4 e6 3. Nf3 Nf6 4. Nc3 dxc4 5. e4 a6 6. Bg5 h6 7. Bh4 b5 8. e5 g5 9. exf6 gxh4 10. Nxh4 Qxf6 11. g3 Bb7 12. Bg2 Bxg2 13. Nxg2 Nd7 14. O-O Nb6 15. Re1 O-O-O 16. Re5 Bg7 17. Ne4 Qxe5 18. dxe5 Rxd1+ 19. Rxd1 Bxe5 20. Rd2 Rd8 21. Rxd8+ Kxd8 22. Nc5 Bxb2 23. Nxa6 Ba3 24. Ne3 Kc8 25. Nc2 Bd6 26. a3 c5 27. Kf1 Kb7 28. Nxc5+ Bxc5 29. Ke2 Ka6 30. f3 Ka5 31. h4 Ka4 32. g4 Kb3 33. Kd2 Nd5 34. Na1+ Kb2 35. Nc2 c3+ 36. Kd3 f5 37. g5 Nf4# 0-1

[Event "Ste-Foy 4 2025-26"]
[Site "Ste-Foy CAN"]
[Date "2026.02.02"]
[Round "4"]
[White "Nougaret, Jonathan"]
[Black "Chouinard, Etienne"]
[Result "0-1"]
[ECO "D53"]
[WhiteElo "1345"]
[BlackElo "1794"]
[WhiteFideId "-1"]
[BlackFideId "-1"]
[PlyCount "66"]
[GameId "2276390979900484"]
[EventDate "2026.01.12"]
[EventType "swiss"]
[EventRounds "5"]
[EventCountry "CAN"]
[TimeControl "5400+30"]

1. d4 d5 2. c4 e6 3. Nc3 Nf6 4. Bg5 Nbd7 5. e3 c6 6. Bd3 dxc4 7. Bxc4 b5 8. Bd3 a6 9. Nf3 Be7 10. O-O Bb7 11. Re1 c5 12. Rc1 O-O 13. b3 h6 14. Bh4 b4 15. Na4 cxd4 16. Nxd4 Ne5 17. Bb1 Qd5 18. f3 Rad8 19. Bxf6 gxf6 20. Be4 Qd7 21. Bxb7 Qxb7 22. f4 Ng6 23. Qh5 Kh7 24. f5 Nf4 25. Qg4 Rg8 26. Qf3 Qxf3 27. Nxf3 Nd3 28. Rc7 Nxe1 29. Nxe1 Rge8 30. fxe6 fxe6 31. Nc5 Kh8 32. Nxe6 Rd1 33. Kf1 Bd6 0-1

[Event "Ste-Foy 4 2025-26"]
[Site "Ste-Foy CAN"]
[Date "2026.02.02"]
[Round "4"]
[White "Aguilar Balzano, Sebastian"]
[Black "Kriuchkov, Dmytro"]
[Result "0-1"]
[ECO "B12"]
[WhiteElo "1264"]
[BlackElo "1471"]
[WhiteFideId "-1"]
[BlackFideId "-1"]
[PlyCount "58"]
[GameId "2276391070905424"]
[EventDate "2026.01.12"]
[EventType "swiss"]
[EventRounds "5"]
[EventCountry "CAN"]
[TimeControl "5400+30"]

1. e4 c6 2. d4 d5 3. e5 Bf5 4. h4 h6 5. Bd3 Bxd3 6. Qxd3 e6 7. Nd2 Ne7 8. Ne2 Nd7 9. O-O c5 10. c3 Nc6 11. Nf3 Be7 12. g3 Qc7 13. Bf4 O-O-O 14. Kg2 Rdg8 15. Rh1 Qd8 16. Qd2 f6 17. h5 fxe5 18. dxe5 g5 19. hxg6 Rxg6 20. Rac1 h5 21. Rh2 Rg4 22. Qe3 Nf8 23. Rch1 h4 24. Kf1 Ng6 25. gxh4 d4 26. cxd4 cxd4 27. Nfxd4 Nxf4 28. Nxf4 Qxd4 29. Qb3 Rxf4 0-1

[Event "Ste-Foy 4 2025-26"]
[Site "Ste-Foy CAN"]
[Date "2026.02.02"]
[Round "4"]
[White "Lessard, Dave"]
[Black "Poitras, Marc"]
[Result "1-0"]
[ECO "B08"]
[WhiteElo "1381"]
[BlackElo "1312"]
[WhiteFideId "-1"]
[BlackFideId "-1"]
[PlyCount "77"]
[GameId "2276391137858652"]
[EventDate "2026.01.12"]
[EventType "swiss"]
[EventRounds "5"]
[EventCountry "CAN"]
[TimeControl "5400+30"]

1. e4 d6 2. d4 g6 3. Nc3 Bg7 4. Nf3 Nf6 5. Bf4 O-O 6. h3 Nbd7 7. Qd2 c6 8. O-O-O b5 9. Bh6 b4 10. Bxg7 bxc3 11. Qxc3 Kxg7 12. Qxc6 Rb8 13. e5 Ne8 14. e6 fxe6 15. Ng5 Ndf6 16. Bc4 Nc7 17. Rhe1 Bb7 18. Qxc7 Qxc7 19. Nxe6+ Kh8 20. Nxc7 Rfc8 21. Rxe7 Bxg2 22. Be6 Rf8 23. Re1 Rb7 24. Bb3 Bxh3 25. Bd5 Rxc7 26. Rxc7 Nxd5 27. Rxa7 Nf6 28. b4 h5 29. b5 Nd7 30. Re7 Rd8 31. a4 h4 32. a5 Bg2 33. Rexd7 Rxd7 34. Rxd7 h3 35. Re7 h2 36. Re1 h1=Q 37. Rxh1+ Bxh1 38. a6 Kg8 39. b6 1-0

[Event "Ste-Foy 4 2025-26"]
[Site "Ste-Foy CAN"]
[Date "2026.02.02"]
[Round "4"]
[White "Yergeau, Samuel"]
[Black "Lebel, Michel"]
[Result "0-1"]
[ECO "C01"]
[WhiteElo "1451"]
[BlackElo "1024"]
[WhiteFideId "-1"]
[BlackFideId "-1"]
[PlyCount "78"]
[GameId "2276391205594216"]
[EventDate "2026.01.12"]
[EventType "swiss"]
[EventRounds "5"]
[EventCountry "CAN"]
[TimeControl "5400+30"]

1. e4 e6 2. d4 d5 3. exd5 exd5 4. Nf3 Nf6 5. Bd3 Bd6 6. Bg5 Be6 7. c3 Nbd7 8. Nbd2 c6 9. O-O Qc7 10. Re1 O-O-O 11. c4 Rde8 12. c5 Bf4 13. b4 Bg4 14. Bxf4 Qxf4 15. Qa4 Kb8 16. b5 Nxc5 17. Qc2 Nxd3 18. Qxd3 cxb5 19. Qxb5 Bd7 20. Qb4 Rc8 21. Ne5 Be6 22. Rab1 Rc7 23. Nc6+ Ka8 24. Ne5 Ng4 25. Ndf3 Nxe5 26. Rxe5 Rc1+ 27. Re1 Rxe1+ 28. Nxe1 Qc7 29. Nd3 Bf5 30. Qd2 Rc8 31. Rc1 Qb6 32. Rxc8+ Bxc8 33. Qc3 Kb8 34. a3 Bf5 35. Ne1 a6 36. Qg3+ Ka7 37. Qxg7 Qb1 38. Qe5 Be4 39. f3 Qxe1# 0-1